 Dungeon Crawl Stone Soup version 0.32-a0-22-g6ae6769602 (webtiles) character file.

Game seed: 14834339289756303792

487 Zeia the Reanimator (level 6, -7/47 HPs)
             Began as a Demonspawn Necromancer on Jan 18, 2024.
             Mangled by a wraith (12 damage)
             ... on level 5 of the Dungeon on Jan 19, 2024.
             The game lasted 00:16:59 (4396 turns).

Zeia the Reanimator (Demonspawn Necromancer)        Turns: 4396, Time: 00:16:59

Health: -7/47      AC:  3    Str:  8    XL:     6   Next: 89%
Magic:  5/9        EV: 12    Int: 18    God:
Gold:   142        SH:  0    Dex: 13    Spells: 8/9 levels left

rFire   . . .        c - +0 dagger
rCold   + . .        (no shield)
rNeg    . . .        a - +0 robe
rPois   .            (no helmet)
rElec   .            (no cloak)
rCorr   .            (no gloves)
SInv    .            o - +0 pair of boots
Will    .....        (no amulet)
Stlth   ++           q - ring of protection from cold
HPRegen 0.27/turn    (no ring)
MPRegen 0.11/turn

%: no passive effects
@: slowed, very slow
A: spiny 1, demonic magic 2
a: no special abilities


You were on level 5 of the Dungeon.
You visited 1 branch of the dungeon, and saw 5 of its levels.

You collected 142 gold pieces.

Inventory:

Hand Weapons
 c - a +0 dagger (weapon)
Armour
 a - a +0 robe (worn)
 j - an orb of energy
 o - a +0 pair of boots (worn)
 s - a +2 chain mail of cold resistance
Jewellery
 n - a ring of fire
 q - a ring of protection from cold (left hand)
Wands
 r - a wand of paralysis (8)
Scrolls
 e - 2 scrolls of identify
 k - 2 scrolls of fog
 l - a scroll of poison {unknown}
 m - a scroll of revelation {unknown}
Potions
 b - 2 potions of magic
 d - 3 potions of might {unknown}
 f - a potion of berserk rage {unknown}
 g - 2 potions of ambrosia {unknown}
 h - 2 potions of attraction {unknown}
 i - 3 potions of curing {unknown}
 p - 2 potions of lignification {unknown}
 t - a potion of brilliance {unknown}
 u - a potion of resistance {unknown}
 v - a potion of enlightenment {unknown}


   Skills:
 - Level 3.0 Fighting
 - Level 2.0 Dodging
 - Level 2.1 Stealth
 + Level 2.1 Spellcasting
 - Level 8.1 Necromancy


You had 8 spell levels left.
You knew the following spells:

 Your Spells              Type           Power      Damage    Failure   Level
a - Necrotise             Necr           100%       1d9       1%          1

Your spell library contained the following spells:

 Spells                   Type           Power      Damage    Failure   Level
 Fugue of the Fallen      Necr           31%        N/A       1%          3
 Vampiric Draining        Necr           31%        2d8       1%          3
 Animate Dead             Necr           31%        N/A       6%          4
 Curse of Agony           Necr           31%        N/A       19%         5
 Ensorcelled Hibernation  Hex/Ice        2%         N/A       26%         2
 Anguish                  Hex/Necr       8%         N/A       32%         4


Dungeon Overview and Level Annotations

Branches:
Dungeon (5/15)
 Temple: D:4-7

Altars:
Makhleb
Okawaru

Shops:
D:1 ?


Innate Abilities, Weirdness & Mutations

You are partially covered in sharp spines.
Spells you cast may paralyse nearby enemies.


Message History

The wraith closely misses you.
You closely miss the wraith.
The wraith is lightly damaged.
The wraith hits you.
You hit the wraith but do no damage.
The wraith is lightly damaged.
The wraith hits you.
You hit the wraith but do no damage.
The wraith is lightly damaged.
The wraith hits you! The wraith drains your vigour!
You feel yourself slow down.
You hit the wraith.
The wraith is lightly damaged.
The wraith is struck by your spines. The wraith barely misses you.
The wraith closely misses you.
You hit the wraith but do no damage.
The wraith is moderately damaged.
Your jackal skeleton bites the orc.
The wraith hits you. The wraith drains your vigour!
You feel as though you will be slow longer.
Your jackal skeleton barely misses the orc.
You hit the wraith but do no damage.
The wraith is moderately damaged.
Your jackal skeleton barely misses the orc.
The wraith hits you.
Your jackal skeleton barely misses the orc.
The wraith barely misses you.
Aiming: Necrotise (safe; 1% risk of failure)
Press: ? - help, Q - select action, (/) - cycle Shift-Dir - straight line, f - you, p - kobold brigand
Okay, then.
The wraith hits you!
* * * LOW HITPOINT WARNING * * *
The wraith attacks as it pursues you! The wraith hits you!
* * * LOW HITPOINT WARNING * * *
As you read the scroll labelled DEALLUCUCH, it crumbles to dust.
It is a scroll of identify.
k - 2 scrolls of fog The wraith closely misses you.
Your jackal skeleton bites the orc.
The wraith is struck by your spines. The wraith hits you!
You die...

#.....# #...... ..
#.####### #..#### ...
#.##....# ##..#### #.#
#.##....## #.......
#..##.##.....# #..[####
...#.##.....#######...#
#.Z.##.............).#
#..##KW@..#######...#
#.Zo.........# #...####
#.#######.##.# #†......
#.....# #.# # #.#.####
#...)..Z##.# #.# #.#.#
###.###.# ..# #.#.####
[. .. ..# #....... #.
.#. ... #.#.#### ..
.#.# #. #.#.#


You could see a wraith (ally target), a kobold brigand, an orc and a friendly
jackal skeleton.

Vanquished Creatures
  A phantom (D:4)
  A scorpion (D:5)
  2 hounds
  A jelly (D:3)
  An iguana (D:5)
  Ijyb (D:3)
  Natasha (twice) (D:3)
  4 gnolls (D:3)
  3 adders
  2 ribbon worms
  2 dart slugs
  3 orcs
  A bat (D:1)
  5 endoplasms
  4 giant cockroaches
  5 goblins
  4 hobgoblins
  5 jackals
  8 kobolds
  2 quokkas
  9 ball pythons
  4 frilled lizards
  5 rats
75 creatures vanquished.

Vanquished Creatures (collateral kills)
  An adder (D:5)
  A jackal (D:5)
  A frilled lizard (D:1)
  A goblin (D:1)
4 creatures vanquished.

Grand Total: 79 creatures vanquished

Notes
Turn   | Place    | Note
-------+----------+-------------------------------------------
     0 | D:1      | Zeia the Demonspawn Necromancer began the quest for the
                  | Orb.
     0 | D:1      | Reached XP level 1. HP: 13/13 MP: 3/3
    73 | D:1      | Found Lorph's Magic Scroll Boutique.
    87 | D:1      | Gained mutation: Spells you cast may paralyse adjacent
                  | enemies. [demonic ancestry]
    87 | D:1      | Reached XP level 2. HP: 10/19 MP: 1/5
   194 | D:1      | Reached skill level 1 in Fighting
   864 | D:2      | Gained mutation: Spells you cast may paralyse nearby
                  | enemies. [demonic ancestry]
   864 | D:2      | Reached XP level 3. HP: 27/27 MP: 4/6
  1937 | D:3      | Noticed Natasha
  2008 | D:3      | Gained mutation: You are partially covered in sharp spines.
                  | [demonic ancestry]
  2008 | D:3      | Reached XP level 4. HP: 35/35 MP: 2/7
  2166 | D:3      | Reached skill level 5 in Necromancy
  2556 | D:3      | Noticed Ijyb
  2557 | D:3      | Paralysed by Ijyb for 5 turns
  2576 | D:3      | Killed Ijyb
  2577 | D:3      | Reached XP level 5. HP: 30/41 MP: 1/8
  2776 | D:3      | Killed Natasha
  2970 | D:3      | Noticed Natasha
  2973 | D:3      | Killed Natasha
  2974 | D:3      | Reached skill level 6 in Necromancy
  3358 | D:4      | Noticed a phantom
  3367 | D:4      | Found an iron altar of Okawaru.
  3367 | D:4      | Found a burning altar of Makhleb.
  3375 | D:4      | Killed a phantom
  3376 | D:4      | Reached skill level 7 in Necromancy
  3376 | D:4      | Reached XP level 6. HP: 26/47 MP: 9/9
  4028 | D:5      | Entered Level 5 of the Dungeon
  4279 | D:5      | Noticed a wraith
  4323 | D:5      | Reached skill level 8 in Necromancy
  4396 | D:5      | Mangled by a wraith

Illustrated notes

Levels and vault maps discovered:
D:1:      psy_arrival_fountain, layout_basic, serial_shops, shop
D:2:      layout_loops_corners
D:3:      layout_basic, kennysheep_generic_room_4, uniq_natasha, uniq_ijyb
D:4:      layout_loops_ring, nicolae_overflow_two_pavilions
D:5:      layout_basic, minmay_chambers_of_fives, uniq_duvessa

Skill      XL: |  1  2  3  4  5  6 |
---------------+-------------------+-----
Dodging        | 2 |  2.0
Stealth        | 2 |  2.1
Fighting       | 1 3 |  3.0
Necromancy     | 5 7 8 |  8.1
Spellcasting   | |  2.1

Action                     |  1- 3 |  4- 6 || total
---------------------------+-------+-------++-------
  Melee: Dagger            |    61 |    44 ||   105
         Punch             |     1 |     2 ||     3
   Cast: Necrotise         |    55 |    77 ||   132
    Use: Scroll            |       |     1 ||     1
   Stab: Paralysed         |     2 |    12 ||    14
         Sleeping          |       |     2 ||     2
 Armour: Robe              |    44 |    37 ||    81
  Dodge: Dodged            |    67 |    40 ||   107

Table legend: (Time is in decaauts)
 A = Elapsed time spent in this place.
 B = Non-inter-level travel time spent in this place.
 C = Inter-level travel time spent in this place.
 D = Time resting spent in this place.
 E = Time spent auto-exploring this place.
 F = Levels seen in this place.
 G = Mean time per level.
                   A        B        C        D        E       F      G
               +--------+--------+--------+--------+--------+-----+--------+
         Total |   4398 |   4226 |    172 |    682 |   2884 |   5 |  879.6 |
       Dungeon |   4398 |   4226 |    172 |    682 |   2884 |   5 |  879.6 |
               +--------+--------+--------+--------+--------+-----+--------+

Top non-repeatable levels by time:
     D:2: 1251 daAuts
     D:3: 1082 daAuts
     D:4: 969 daAuts
     D:1: 723 daAuts
     D:5: 370 daAuts
